 Dungeon Crawl Stone Soup version 0.28.0-43-g3370ac3207 (webtiles) character file.

Game seed: 14690009617480716445

8 CryoSword the Gusty (level 2, -5/15 HPs)
             Began as a Tengu Air Elementalist on Mar 18, 2022.
             Slain by a gnoll
             ... wielding a +0 flail
              (7 damage)
             ... on level 1 of the Dungeon.
             The game lasted 00:00:51 (250 turns).

CryoSword the Gusty (Tengu Air Elementalist)         Turns: 250, Time: 00:00:51

Health: -5/15      AC:  3    Str:  8    XL:     2   Next: 8%
Magic:  4/6        EV: 13    Int: 15    God:
Gold:   14         SH:  0    Dex: 20    Spells: 2/5 levels left

rFire   . . .      SeeInvis .   b - +0 short sword
rCold   . . .      Faith    .   (no shield)
rNeg    . . .      Spirit   .   a - +1 robe
rPois   .          Reflect  .   (helmet restricted)
rElec   .          Harm     .   (no cloak)
rCorr   .          Rampage  .   (no gloves)
Will    .....                   (boots unavailable)
Stlth   ++........              (no amulet)
HPRegen 0.05/turn               e - +6 ring of dexterity
MPRegen 0.10/turn               (no ring)

@: no status effects
A: beak, talons 3
a: no special abilities


You were on level 1 of the Dungeon.
You visited 1 branch of the dungeon, and saw 1 of its levels.

You collected 14 gold pieces.

Inventory:

Hand Weapons
 b - a +0 short sword (weapon)
   (You found it on level 1 of the Dungeon)
Armour
 a - a +1 robe (worn)
Jewellery
 e - a +6 ring of dexterity (left hand)
   (You found it on level 1 of the Dungeon)
Scrolls
 c - a scroll of silence {unknown}
Potions
 d - a potion of berserk rage {unknown}


   Skills:
 + Level 0.2 Fighting
 + Level 2.2 Dodging
 + Level 2.1 Stealth
 + Level 2.0 Spellcasting
 * Level 1.9 Conjurations
 * Level 4.2 Air Magic


You had 2 spell levels left.
You knew the following spells:

 Your Spells              Type           Power      Damage    Failure   Level
a - Shock                 Conj/Air       40%        1d5       6%          1
b - Static Discharge      Conj/Air       10%        N/A       10%         2

Your spell library contained the following spells:

 Spells                   Type           Power      Damage    Failure   Level
 Swiftness                Air            14%        N/A       12%         3
 Airstrike                Air            7%         N/A       36%         4


Dungeon Overview and Level Annotations

Branches:
Dungeon (1/15)

Altars:


Innate Abilities, Weirdness & Mutations

You have a beak for a mouth.
You have claws for feet.


Message History

Welcome, CryoSword the Tengu Air Elementalist.
The heart of this dungeon contains the fabled artefact, the Orb of Zot.
Found 6 gold pieces.
Found a staircase leading out of the dungeon.
You now have 6 gold pieces.
An endoplasm comes into view.
The endoplasm quivers.
An endoplasm is nearby!
An endoplasm is nearby!
The endoplasm jiggles.
An endoplasm comes into view.
Aim: an endoplasm (97% to hit)
The zap hits the endoplasm.
Aim: an endoplasm (heavily wounded, 97% to hit)
The zap hits the endoplasm.
You kill the endoplasm!
Aim: an endoplasm (asleep, 100% to hit)
The zap hits the endoplasm.
The endoplasm quivers.
Aim: an endoplasm (severely wounded, 97% to hit)
The zap hits the endoplasm.
You kill the endoplasm!
A ball python comes into view.
Found a stone staircase leading down.
A ball python is nearby!
A ball python is nearby!
A ball python is nearby!
A hobgoblin comes into view.
The ball python hisses angrily.
The hobgoblin shouts!
The zap hits the ball python. x2
You kill the ball python!
A bat comes into view.
Aim: a hobgoblin (68% to hit)
The zap hits the hobgoblin.
Aim: a hobgoblin (severely wounded, 68% to hit)
The zap hits the hobgoblin.
You kill the hobgoblin!
The bat barely misses you.
Aim: a bat (52% to hit)
The zap misses the bat.
The bat hits you. The bat closely misses you. The bat barely misses you.
You hit the bat. Your kick misses the bat. The bat misses you.
The bat barely misses you.
You hit the bat but do no damage. Your kick misses the bat.
The bat barely misses you.
You don't have enough magic to cast this spell.
The bat hits you but does no damage. The bat barely misses you.
You barely miss the bat. Your kick misses the bat. The bat barely misses you.
You barely miss the bat. You claw the bat.
You kill the bat!
No target in view!
No target in view!
Found a short sword.
Found an escape hatch in the floor.
Found a spear.
A frilled lizard comes into view.
Found a purple potion.
The frilled lizard hisses angrily.
Found a chain mail.
You see here a +0 short sword.
b - a +0 short sword The frilled lizard unfolds its giant frill.
b - a +0 short sword (weapon)
Aim: a frilled lizard (48% to hit)
The zap hits the frilled lizard.
Aim: a frilled lizard (heavily wounded, 48% to hit)
That beam is likely to hit you.
Continue anyway?
Okay, then.
The frilled lizard hisses.
The frilled lizard closely misses you.
You barely miss the frilled lizard. The frilled lizard bites you.
You hit the frilled lizard but do no damage.
You peck the frilled lizard.
You kill the frilled lizard!
You have reached level 2!
Memorise Static Discharge, consuming 2 spell levels and leaving 2?
You start memorising the spell.
You continue memorising. x2
You finish memorising.
Spell assigned to 'b'.
c - a scroll labelled TUNOYCWUEV A rat comes into view.
Found a peridot ring and a fuming black potion.
A rat is nearby!
A rat is nearby!
Found 8 gold pieces.
Aim: a rat (68% to hit)
The zap misses the rat.
Aim: a rat (68% to hit)
The zap hits the rat.
You kill the rat!
No target in view!
Okay, then.
d - a purple potion
e - a +6 ring of dexterity
Found a faded altar of an unknown god.
A frilled lizard comes into view.
Found a scroll labelled ERODI TINIMM.
The frilled lizard hisses angrily.
You feel agile.
e - a +6 ring of dexterity (left hand)
Aim: a frilled lizard (48% to hit)
The zap misses the frilled lizard.
Aim: a frilled lizard (48% to hit)
The zap hits the frilled lizard.
You kill the frilled lizard!
As you read the scroll labelled TUNOYCWUEV, it crumbles to dust.
It is a scroll of enchant armour.
Your +0 robe glows green for a moment.
You now have 14 gold pieces (gained 8).
c - a scroll labelled ERODI TINIMM
Found a stone staircase leading down.
A gnoll comes into view. It is wielding a +0 flail.
The gnoll shouts!
A gnoll is nearby!
A gnoll is nearby!
A gnoll is nearby!
A dart slug comes into view.
Aim: a gnoll, wielding a +0 flail (72% to hit)
The zap hits the gnoll but does no damage.
The dart slug launches a dart at you. The slug dart hits you.
Aim: a gnoll, wielding a +0 flail (72% to hit)
The zap hits the gnoll.
The gnoll hits you with a +0 flail!
Ouch! That really hurt!
* * * LOW HITPOINT WARNING * * *
The gnoll hits you with a +0 flail!
You die...

... ... #.# ####.# .....#
########.#. .....#
#########.g........
.....###.......#@...w.....
...........###.......>....
..###..###................##.#
............###...........#..#
............# #...............
#
...........####.............#
. .......###......#.......#..#
## .......................#..#
#. ..._....[......####...#...#
##


You could see a gnoll and a dart slug.

Vanquished Creatures
  A ball python (D:1)
  2 endoplasms (D:1)
  A hobgoblin (D:1)
  A bat (D:1)
  2 frilled lizards (D:1)
  A rat (D:1)
8 creatures vanquished.

Notes
Turn   | Place    | Note
-------+----------+-------------------------------------------
     0 | D:1      | CryoSword the Tengu Air Elementalist began the quest for
                  | the Orb.
     0 | D:1      | Reached XP level 1. HP: 10/10 MP: 4/4
   138 | D:1      | Reached XP level 2. HP: 13/15 MP: 4/6
   141 | D:1      | Learned a level 2 spell: Static Discharge
   199 | D:1      | Found a faded altar of an unknown god.
   250 | D:1      | Slain by a gnoll

Illustrated notes

Levels and vault maps discovered:
D:1:      co_arrival_square_in_a_square_in_a_square, layout_rooms,
          hellmonk_ecumenical_altar_lost_god, lemuel_old_faithful

Action                   || total
-------------------------++-------
Melee: Unarmed           ||     4
       Short sword       ||     2
       Kick              ||     1
       Peck              ||     1
 Cast: Shock             ||    15
  Use: Scroll            ||     1
Armor: Robe              ||     1
Dodge: Dodged            ||     9
